 Seeded DCSS version 0.28-a0-1395-g4f6bc678fa (webtiles) character file.

Game seed: 20220105 (custom seed)

108 a11behringer the Chopper (level 4, 0/38 (39) HPs)
             Began as a Palentonga Berserker on Jan 5, 2022.
             Was a Believer of Trog.
             Slain by Crazy Yiuf (2 damage)
             ... on level 2 of the Dungeon.
             The game lasted 00:03:07 (2027 turns).

a11behringer the Chopper (Palentonga Berserker)     Turns: 2027, Time: 00:03:07

HP:   0/38 (39)     AC:  6    Str: 23    XL:     4   Next: 58%
MP:   4/4           EV:  9    Int:  7    God:    Trog [**....]
Gold: 99            SH:  0    Dex:  9    Spells: 3/3 levels left

rFire   . . .      SeeInvis +   a - +0 hand axe
rCold   . . .      Faith    .   (no shield)
rNeg    . . .      Spirit   .   d - +2 robe {Will+}
rPois   .          Reflect  .   (no helmet)
rElec   .          Harm     .   (no cloak)
rCorr   .          Rampage  .   (no gloves)
Will    +....                   (no barding)
Stlth   +.........              (no amulet)
HPRegen 0.12/turn               (no ring)
MPRegen 0.09/turn               (no ring)

@: lightly drained
A: large, rugged brown scales 3, see invisible, deformed body, roll 1, armoured
tail
a: Rolling Charge, Renounce Religion, Berserk, Trog's Hand


You were on level 2 of the Dungeon.
You worshipped Trog.
Trog was pleased with you.
You visited 1 branch of the dungeon, and saw 2 of its levels.

You collected 99 gold pieces.

Inventory:

Hand Weapons
 a - a +0 hand axe (weapon)
Missiles
 l - 3 poisoned darts
Armour
 b - a +0 animal skin
 d - a +2 robe of willpower (worn)
 h - a +3 leather armour
Jewellery
 j - a ring of flight
 m - a ring of ice
Scrolls
 g - 3 scrolls of identify {unknown}
 i - a scroll of fog {unknown}
Potions
 c - 3 potions of flight {unknown}
 e - a potion of heal wounds {unknown}
 f - 2 potions of curing {unknown}
 k - a potion of mutation {unknown}
 n - a potion of haste {unknown}


   Skills:
 + Level 3.8 Fighting
 * Level 4.6 Axes
 + Level 1.7 Armour
 + Level 1.8 Dodging


You had 3 spell levels left.
You didn't know any spells.
Your spell library was empty.

Dungeon Overview and Level Annotations

Branches:
Dungeon (2/15)

Altars:

Annotations:
D:2 Crazy Yiuf


Innate Abilities, Weirdness & Mutations

You are completely covered in rugged brown scales. (AC +3, +7% HP)
You have supernaturally acute eyesight. (SInv)
Armour fits poorly on your strangely shaped body.
You can roll at nearby foes to attack.
You have a long armoured tail.


Message History

There is an open door here.
You see here 17 bolts.
There is a stone staircase leading down here.
You see here a hobgoblin skeleton.
Crazy Yiuf shouts!
Crazy Yiuf cries, "You leg down broken song, no?"
Crazy Yiuf cries, "Liver!"
Crazy Yiuf whimpers, "Ghoul testudinal leg!"
You open the door.
You fail to use your ability.
Crazy Yiuf hits you with a +2 quarterstaff of chaos!
Crazy Yiuf burns you.
Unknown command.
You hit Crazy Yiuf but do no damage. You tail-slap Crazy Yiuf.
Crazy Yiuf is moderately wounded.
Crazy Yiuf whimpers, "Island verde song!"
Crazy Yiuf hits you with a +2 quarterstaff of chaos!
Crazy Yiuf freezes you.
You barely miss Crazy Yiuf.
Crazy Yiuf is moderately wounded.
Crazy Yiuf hits you with a +2 quarterstaff of chaos.
You feel drained.
You hit Crazy Yiuf.
Your tail-slap misses Crazy Yiuf.
Crazy Yiuf is heavily wounded.
Crazy Yiuf barely misses you.
You barely miss Crazy Yiuf.
Crazy Yiuf is heavily wounded.
Crazy Yiuf hits you with a +2 quarterstaff of chaos.
* * * LOW HITPOINT WARNING * * *
Crazy Yiuf burns you.
* * * LOW HITPOINT WARNING * * *
You closely miss Crazy Yiuf.
Crazy Yiuf is heavily wounded.
Crazy Yiuf closely misses you.
You barely miss Crazy Yiuf.
Crazy Yiuf is heavily wounded.
Crazy Yiuf hits you with a +2 quarterstaff of chaos.
* * * LOW HITPOINT WARNING * * *
Crazy Yiuf burns you.
You die...

# #########.....#...†... #
#......###.##.#######. ##
#.####....#.........#. .## ###
########.#####... #.# #.# #.#.
..# #.#####... #.# ####♣♣ ###
#....##..# #.# ##....♣♣ ♣♣#..)#
#.##.#.... #.# #......♣♣♣♣@g...#
#.##.#...# #.# #.......♣..♣#...#
#..#.#...# #.# #.#....♣.♣♣♣ ###
#....#...# #.# #.###♣♣♣♣♣
#.#..#.... #.# #.## #...##.#.>
#.####..################..###.#..
.......##.....#...........# #.#..
..........###(..###.###.#.###.#>.
#.######### #...........#...#....


You could see Crazy Yiuf.

Vanquished Creatures
  Jessica (D:2)
  5 adders (D:2)
  A dart slug (D:1)
  6 ball pythons
  2 endoplasms
  2 giant cockroaches (D:2)
  3 goblins
  6 hobgoblins
  2 kobolds (D:1)
  A quokka (D:1)
  4 bats
  A frilled lizard (D:1)
  A rat (D:1)
35 creatures vanquished.

Notes
Turn   | Place    | Note
-------+----------+-------------------------------------------
     0 | D:1      | a11behringer the Palentonga Berserker began the quest for
                  | the Orb.
     0 | D:1      | Reached XP level 1. HP: 19/19 MP: 1/1
   144 | D:1      | Reached XP level 2. HP: 18/25 MP: 2/2
   857 | D:2      | Noticed Jessica
   862 | D:2      | Reached XP level 3. HP: 25/31 MP: 3/3
   867 | D:2      | Killed Jessica
   868 | D:2      | Reached skill level 4 in Axes
  1088 | D:2      | Found a runed translucent door.
  1089 | D:2      | Noticed Crazy Yiuf
  1165 | D:2      | Reached ** piety under Trog
  1166 | D:2      | Reached XP level 4. HP: 31/38 MP: 4/4
  1286 | D:2      | Found a faded altar of an unknown god.
  2027 | D:2      | Slain by Crazy Yiuf

Illustrated notes

Levels and vault maps discovered:
D:1:      tarquinn_simple_flora_water_e, layout_basic
D:2:      layout_loops_ring, shapermc_ecumenical_altar_notcrosses, uniq_jessica,
          uniq_crazy_yiuf_cottage

Skill      XL: |  1  2  3 |
---------------+----------+-----
Axes           | 4 |  4.6
Fighting       | |  3.8
Armour         | |  1.7
Dodging        | |  1.8

Action                   |  1- 3 |  4- 6 || total
-------------------------+-------+-------++-------
Melee: Hand axe          |    55 |    60 ||   115
       Tailslap          |     6 |     8 ||    14
Invok: Berserk           |       |     1 ||     1
       Trog's Hand       |       |     1 ||     1
Armor: Robe              |    21 |    25 ||    46
       Animal skin       |     2 |       ||     2
Dodge: Dodged            |    33 |    36 ||    69

Table legend: (Time is in decaauts)
 A = Elapsed time spent in this place.
 B = Non-inter-level travel time spent in this place.
 C = Inter-level travel time spent in this place.
 D = Time resting spent in this place.
 E = Time spent auto-exploring this place.
 F = Levels seen in this place.
 G = Mean time per level.
                   A        B        C        D        E       F      G
               +--------+--------+--------+--------+--------+-----+--------+
         Total |   2052 |   1981 |     71 |      0 |   1704 |   2 | 1026.0 |
       Dungeon |   2052 |   1981 |     71 |      0 |   1704 |   2 | 1026.0 |
               +--------+--------+--------+--------+--------+-----+--------+

Top non-repeatable levels by time:
     D:2: 1206 daAuts
     D:1: 846 daAuts
